 Dungeon Crawl Stone Soup version 0.30-a0-374-g95c0257040 (webtiles) character file.

Game seed: 3261370375768100182

672 arthad the Insei (level 7, -6/51 HPs)
             Began as a Djinni Transmuter on Nov 26, 2022.
             Mangled by a gnoll sergeant
             ... wielding a +1 spear of venom
              (8 damage)
             ... on level 5 of the Dungeon.
             The game lasted 00:23:51 (3590 turns).

arthad the Insei (Djinni Transmuter)                Turns: 3590, Time: 00:23:51

Health: -6/51      AC:  2    Str:  9    XL:     7   Next: 90%
Gold:   207        EV: 22    Int: 17    God:
                   SH:  0    Dex: 18

rFire   . . .      SeeInvis .      - Unarmed
rCold   . . .      Faith    .    (shield currently unavailable)
rNeg    . . .      Spirit   .    (body armour currently unavailable)
rPois   ∞          Reflect  .    (helmet currently unavailable)
rElec   .          Harm     .    (cloak currently unavailable)
rCorr   .          Rampage  .    (gloves currently unavailable)
Will    +....      Clarity  +    (boots unavailable)
Stlth   ++........               (no amulet)
HPRegen 0.28/turn                (no ring)
MPRegen 0.00/turn                (no ring)

@: spider-form (expiring), flying, very slightly contaminated
A: venomous fangs, flying, sickness immunity, tiny, (fire resistance 2), (cold
vulnerability 1), float, innate caster, HP casting, extra vitality 1,
(iridescent scales 1), clarity, strong-willed 1
a: End Transformation


You were on level 5 of the Dungeon.
You were a venomous arachnid creature.
You visited 1 branch of the dungeon, and saw 5 of its levels.

You collected 207 gold pieces.

Inventory:

Hand Weapons
 e - the +2 spear of the Eternal Warrior {spect, rF++ Str-2 Dex+7}
   (You found it on level 3 of the Dungeon)

   When its wielder attacks, the weapon's spirit leaps out and strikes again.
   The spirit shares a part of any damage it takes with its wielder.
   Str:       It affects your strength (-2).
   Dex:       It affects your dexterity (+7).
   rF:        It greatly protects you from fire.
 j - a +0 hand axe of flaming
 k - a +1 vorpal whip
 l - a +0 dagger of electrocution
 o - a +2 dagger of flaming
Missiles
 p - 2 boomerangs
Armour
 a - a +0 robe (melded)
Wands
 f - a wand of roots (5)
Scrolls
 c - a scroll of immolation
 d - a scroll of brand weapon
 g - 5 scrolls of identify
 i - 2 scrolls of teleportation
 r - a scroll of enchant weapon
Potions
 b - 2 potions of lignification
 h - 2 potions of brilliance
 m - a potion of attraction {unknown}
 n - a potion of curing {unknown}
 q - a potion of ambrosia {unknown}


   Skills:
 + Level 3.7 Fighting
 + Level 4.4 Dodging
 + Level 4.7 Unarmed Combat
 * Level 3.9 Spellcasting


You couldn't memorise any spells.
You knew the following spells:

 Your Spells              Type           Power      Damage    Failure   Level
a - Beastly Appendage     Tmut           32%        N/A       11%         1
b - Wereblood             Tmut           16%        N/A       14%         2
c - Spider Form           Tmut/Pois      16%        N/A       24%         3
d - Ice Form              Ice/Tmut       16%        N/A       52%         4
e - Sandblast             Erth           32%        2d9       11%         1
f - Scorch                Fire           32%        2d6       14%         2
g - Poisonous Vapours     Pois/Air       32%        N/A       14%         2
Your spell library was empty.

Dungeon Overview and Level Annotations

Branches:
Dungeon (5/15)
 Temple: D:4-7

Altars:
Gozag
Zin


Innate Abilities, Weirdness & Mutations

You are a venomous arachnid creature.
You have poisonous fangs.
You are tiny and dextrous.
You are flying.
Your spellcasting is less reliable in this form.
Your armour is entirely melded.
You are incapable of wielding weapons or throwing items.
You are immune to sickness and miasma.
You are immune to poison.
((Your flesh is very heat resistant. (rF++)))
((You are vulnerable to cold. (rC-)))
You float through the air rather than walking.
You learn spells naturally, not from books.
Your magical power is your life essence.
You have superior vitality. (+4 MHP)
((You are partially covered in iridescent scales. (AC +2)))
You possess an exceptional clarity of mind.
You are strong-willed. (Will+)


Message History

Eustachio is almost dead.
Eustachio hits you with a +0 rapier!
* * * LOW HITPOINT WARNING * * *
The river rat misses you. The bat misses you.
You hit Eustachio.
Eustachio is almost dead.
The bat completely misses you. The bat barely misses you.
Eustachio hits you with a +0 rapier!
* * * LOW HITPOINT WARNING * * *
The river rat barely misses you. Eustachio attacks as you move away!
Eustachio completely misses you. The bat closely misses you.
Eustachio casts a spell.
Unknown command.
You kill Eustachio!
The river rat disappears in a puff of smoke!
The bat disappears in a puff of smoke!
The crimson imp disappears in a puff of smoke!
Your transformation is almost over.
There is a stone staircase leading down here.
Aiming: Sandblast (safe; 11% risk of failure)
Press: ? - help, Q - select action, (/) - cycle Shift-Dir - straight line, f - giant cockroach
Aim: a giant cockroach (black smoke, 82% to hit)
You miscast Sandblast.
You are very lightly contaminated with residual magic.
Nothing appears to happen.
* * * LOW HITPOINT WARNING * * *
You fly downwards.
The gnoll shouts!
The gnoll sergeant shouts!
The gnoll shouts! x2
Found 6 stones.
Found an escape hatch in the ceiling.
Found a stone staircase leading down.
There is a stone staircase leading up here.
Unknown command.
Unknown command.
Unknown command.
Unknown command.
The gnoll sergeant attacks as you move away!
The gnoll sergeant barely misses you. The gnoll closely misses you.
The gnoll sergeant hits you from afar with a +1 spear of venom!
You die...

#.#. ## #.
#.#.. #..
#..#.#.. ##..
#..#...#+#...
#......#...#
.##......gg.
.......g(.#
...........<.##
.##.#....# #
#..### #.. #..
... ...#


You could see a gnoll sergeant and 4 gnolls.

Vanquished Creatures
  Eustachio (D:4)
  A phantom (D:4)
  A bullfrog (D:4)
  A jelly (D:4)
  A hound (D:4)
  2 orc priests
  Natasha (D:2)
  Ijyb (D:4)
  2 orc wizards
  Robin (D:2)
  4 gnolls (D:2)
  3 adders
  A worm (D:4)
  3 dart slugs
  14 orcs
  9 endoplasms
  3 giant cockroaches
  16 goblins
  7 hobgoblins
  2 jackals (D:1)
  2 kobolds
  3 quokkas
  6 ball pythons
  4 bats
  2 frilled lizards
  5 rats
96 creatures vanquished.

Vanquished Creatures (collateral kills)
  An endoplasm (D:1)
  A kobold (D:1)
  A rat (D:1)
3 creatures vanquished.

Grand Total: 99 creatures vanquished

Notes
Turn   | Place    | Note
-------+----------+-------------------------------------------
     0 | D:1      | arthad the Djinni Transmuter began the quest for the Orb.
     0 | D:1      | arthad set off with the following spells memorised: Beastly
                  | Appendage, Wereblood, Spider Form, Ice Form.
     0 | D:1      | Reached XP level 1. HP: 17/17 MP: 0/0
    39 | D:1      | Found a faded altar of an unknown god.
   182 | D:1      | Reached XP level 2. HP: 8/22 MP: 0/0
   413 | D:1      | Gained mutation: You are strong-willed. (Will+) [potion of
                  | mutation]
   413 | D:1      | Gained mutation: You possess an exceptional clarity of
                  | mind. [potion of mutation]
   413 | D:1      | Gained mutation: You are partially covered in iridescent
                  | scales. (AC +2) [potion of mutation]
   606 | D:1      | Reached XP level 3. HP: 17/27 MP: 0/0
   606 | D:1      | Learned a level 1 spell: Sandblast
  1076 | D:2      | Found a glowing silver altar of Zin.
  1117 | D:2      | Reached XP level 4. HP: 17/33 MP: 0/0
  1323 | D:2      | Noticed Robin
  1335 | D:2      | Killed Robin
  1336 | D:2      | Reached XP level 5. HP: 21/38 MP: 0/0
  1336 | D:2      | Learned a level 2 spell: Scorch
  1492 | D:2      | Noticed Natasha
  1500 | D:2      | Killed Natasha
  1929 | D:3      | Reached XP level 6. HP: 24/45 MP: 0/0
  1961 | D:3      | Identified the +2 spear of the Eternal Warrior {spect, rF++
                  | Str-2 Dex+7}
  2170 | D:3      | Found an opulent altar of Gozag.
  2883 | D:4      | Noticed Ijyb
  2904 | D:4      | Killed Ijyb
  3090 | D:4      | Reached XP level 7. HP: 35/50 MP: 0/0
  3090 | D:4      | Learned a level 2 spell: Poisonous Vapours
  3204 | D:4      | HP: 1/50 [phantom (3)]
  3572 | D:4      | Noticed Eustachio
  3583 | D:4      | HP: 1/50 [Eustachio/+0 rapier (11)]
  3585 | D:4      | Killed Eustachio
  3589 | D:5      | Entered Level 5 of the Dungeon
  3590 | D:5      | Mangled by a gnoll sergeant

Illustrated notes

Levels and vault maps discovered:
D:1:      tarquinn_simple_flora_water_d, layout_loops_ring,
          hellmonk_ecumenical_altar_blasted, minmay_small_reverse_x
D:2:      layout_rooms, basic_altar, dreamdust_wishing_well, solitary_fountain,
          uniq_robin, uniq_natasha
D:3:      layout_basic, mainiacjoe_overflow_alcove_4, portal_sewer_entry_b
D:4:      layout_basic, uniq_eustachio, uniq_blork_the_orc, uniq_ijyb
D:5:      layout_basic, nicolae_overflow_hidden_temple

Skill      XL: |  1  2  3  4  5  6  7 |
---------------+----------------------+-----
Spellcasting   | 2 3 |  3.9
Fighting       | 2 3 |  3.7
Dodging        | 3 4 |  4.4
Unarmed Combat | 4 |  4.7

Action                   |  1- 3 |  4- 6 |  7- 9 || total
-------------------------+-------+-------+-------++-------
Melee: Unarmed           |    61 |   119 |    35 ||   215
       Headbutt          |     6 |       |       ||     6
       Punch             |     1 |     1 |       ||     2
 Cast: Beastly Appendage |    10 |       |       ||    10
       Wereblood         |     1 |       |       ||     1
       Sandblast         |    12 |    52 |     6 ||    70
       Spider Form       |     1 |     1 |     1 ||     3
       Scorch            |       |    17 |       ||    17
       Ice Form          |       |     1 |     1 ||     2
       Poisonous Vapours |       |       |    16 ||    16
  Use: Scroll            |     3 |     7 |       ||    10
       Potion            |     1 |     4 |     2 ||     7
 Stab: Sleeping          |     1 |       |     1 ||     2
Armor: Robe              |    30 |    34 |     1 ||    65
       Skin              |       |     2 |     8 ||    10
Dodge: Dodged            |    59 |   113 |    34 ||   206

Table legend: (Time is in decaauts)
 A = Elapsed time spent in this place.
 B = Non-inter-level travel time spent in this place.
 C = Inter-level travel time spent in this place.
 D = Time resting spent in this place.
 E = Time spent auto-exploring this place.
 F = Levels seen in this place.
 G = Mean time per level.
                   A        B        C        D        E       F      G
               +--------+--------+--------+--------+--------+-----+--------+
         Total |   3604 |   3504 |    100 |    753 |   1605 |   5 |  720.8 |
       Dungeon |   3604 |   3504 |    100 |    753 |   1605 |   5 |  720.8 |
               +--------+--------+--------+--------+--------+-----+--------+

Top non-repeatable levels by time:
     D:3: 1180 daAuts
     D:1: 946 daAuts
     D:2: 764 daAuts
     D:4: 712 daAuts
     D:5: 0 daAuts
